 Dungeon Crawl Stone Soup version 0.16-a0-3280-g3a29b53 (webtiles) character file.

128 Minkie the Sneak (level 4, 0/30 HPs)
             Began as a Vampire Enchanter on Dec 24, 2014.
             Slain by a gnoll
             ... wielding a +0 flail
              (5 damage)
             ... on level 2 of the Dungeon.
             The game lasted 00:06:48 (2051 turns).

Minkie the Sneak (Vampire Enchanter)                Turns: 2051, Time: 00:06:48

Health: 0/30       AC:  5    Str:  7    XL:     4   Next: 87%
Magic:  2/7        EV: 12    Int: 18    God:
Gold:   102        SH:  0    Dex: 14    Spells: 3 memorised, 1 level left

rFire  . . .     SeeInvis +     a - +1 dagger
rCold  + + .     Clarity  .     b - +1 robe
rNeg   + + +     SustAb   .     (no shield)
rPois  +         Gourm    .     (no helmet)
rElec  .         Spirit   .     f - +0 cloak
rCorr  .         Warding  .     (no gloves)
rMut   .         Stasis   .     o - +0 pair of boots
MR     .....                    (no amulet)
Stlth  ++++......               (no ring)
                                (no ring)

@: very slightly contaminated, regenerating slowly, not resistant to hostile
enchantments, stealthy
A: bottle blood, fangs 3, see invisible, unbreathing
a: Bat Form


You were on level 2 of the Dungeon.
You were near bloodless.

You visited 1 branch of the dungeon, and saw 4 of its levels.

You collected 102 gold pieces.

Inventory:

Hand weapons
 a - a +1 dagger (weapon)
Armour
 b - a +1 robe (worn)
 f - a +0 cloak (worn)
 o - a +0 pair of boots (worn)
Jewellery
 h - an uncursed ring of flight {unknown}
Magical devices
 m - a wand of polymorph (9)
Scrolls
 i - 3 scrolls of remove curse {unknown}
 j - a scroll of teleportation {unknown}
 k - a scroll of identify {unknown}
 p - 2 scrolls of fog {unknown}
 s - a scroll of noise {unknown}
 t - a scroll of enchant weapon {unknown}
Potions
 d - a potion of blood
 e - a potion of haste {unknown}
 g - a potion of curing {unknown}
 l - 2 potions of brilliance {unknown}
 n - a potion of degeneration {unknown}
 q - a potion of beneficial mutation {unknown}
 r - a potion of restore abilities {unknown}
Books
 c - a book of Maledictions

   Spells                             Type                      Level
   a - Corona                         Hexes                        1
   b - Sure Blade                     Hexes/Charms                 2
   c - Ensorcelled Hibernation        Hexes/Ice                    2
   d - Confuse                        Hexes                        3
   e - Dazzling Spray                 Conjuration/Hexes            3
   f - Enslavement                    Hexes                        4


   Skills:
 * Level 3.8 Short Blades
 - Level 2.1 Dodging
 + Level 5.7 Stealth
 - Level 2.0 Spellcasting
 + Level 5.4 Hexes


You had one spell level left.
You knew the following spells:

 Your Spells              Type           Power        Failure   Level  Hunger
a - Corona                Hex            ###....      1%          1    #......
b - Ensorcelled Hibernat  Hex/Ice        ##....       12%         2    ###....
c - Confuse               Hex            ###.....     10%         3    ###....


Dungeon Overview and Level Annotations

Branches:
Dungeon (4/15)
 Temple: D:4-7

Altars:
Gozag
Makhleb
Sif Muna


Innate Abilities, Weirdness & Mutations

You heal slowly.
You can bottle blood from corpses.
You have razor-sharp teeth.
You have supernaturally acute eyesight.
You can survive without breathing.


Message History

There is a stone staircase leading up here.
The adder bites you but does no damage. The gnoll hits you with a flail!
The adder bites you.
You climb upwards.
There is a stone staircase leading down here.
You hit the gnoll but do no damage. The adder bites you.
The gnoll hits you with a flail.
* * * LOW HITPOINT WARNING * * *
You hit the gnoll.
The gnoll is moderately wounded.
The adder barely misses you.
You hit the gnoll but do no damage.
The gnoll is moderately wounded.
The gnoll barely misses you. The adder closely misses you.
You completely miss the gnoll.
The gnoll is moderately wounded.
The adder bites you.
* * * LOW HITPOINT WARNING * * *
The gnoll hits you with a flail.
You die...

##### #...# #...#
##############...#
#@g..........'...'
#S#........###...#
#.#........# #...#
#.#........# #..)#
#.#........# #...#
#.#........# #...#
#.###'###### #...#
#.# #.# #...#
#####.###)#####
#...#


You could see a gnoll and an adder.

Vanquished Creatures
  A hound (D:2)
  Terence (D:2)
  3 adders
  A gnoll (D:3)
  A giant mite (D:2)
  2 worms (D:2)
  4 bats
  3 giant cockroaches
  6 goblins
  5 hobgoblins
  A kobold (D:2)
  4 giant geckos
  4 rats
36 creatures vanquished.

Notes
Turn   | Place    | Note
--------------------------------------------------------------
     0 | D:1      | Minkie, the Vampire Enchanter, began the quest for the Orb.
     0 | D:1      | Reached XP level 1. HP: 13/13 MP: 3/3
   518 | D:1      | Reached XP level 2. HP: 16/19 MP: 4/4
   522 | D:1      | Learned a level 2 spell: Ensorcelled Hibernation
   805 | D:2      | Found an opulent altar of Gozag.
   856 | D:2      | Found a deep blue altar of Sif Muna.
   940 | D:2      | Reached skill level 5 in Stealth
   940 | D:2      | Reached XP level 3. HP: 22/24 MP: 3/6
  1094 | D:2      | Reached skill level 5 in Hexes
  1146 | D:2      | Noticed Terence
  1153 | D:2      | Killed Terence
  1277 | D:2      | Reached XP level 4. HP: 30/30 MP: 4/7
  1954 | D:2      | Learned a level 3 spell: Confuse
  2006 | D:3      | Found a burning altar of Makhleb.
  2051 | D:2      | Slain by a gnoll

Action                   |  1- 3 |  4- 6 || total
-------------------------+-------+-------++-------
Melee: Dagger            |    77 |    44 ||   121
 Cast: Ensorcelled Hiber |     9 |    11 ||    20
 Stab: Sleeping          |    10 |     9 ||    19
